 Dungeon Sprint DCSS version 0.27.0-66-gdc8fb28755 (webtiles) character file.

Game seed: 2139388333637757681

7153 styxcanada the Imperceptible (level 10, -1/56 HPs)
             Began as a Spriggan Brigand on Aug 19, 2021.
             Was an Initiate of Gozag.
             Slain by a spriggan defender (24 damage)
             ... in the Dungeon (Sprint III: "The Ten Rune Challenge").
             The game lasted 00:19:54 (3448 turns).

styxcanada the Imperceptible (Spriggan Brigand)     Turns: 3448, Time: 00:19:54

Health: -1/56      AC:  3    Str:  7    XL:     10   Next: 86%
Magic:  0/25       EV: 33    Int: 13    God:    Gozag
Gold:   736        SH:  0    Dex: 23    Spells: 25/30 levels left

rFire    . . .     SeeInvis +   a - +2 dagger
rCold    . . .     Faith    .   (shield restricted)
rNeg     . . .     Spirit   +   j - +0 robe {Will+}
rPois    .         Reflect  .   (helmet restricted)
rElec    .         Harm     .   c - +0 cloak
rCorr    .         Rampage  .   (gloves unavailable)
Will     ++...     NoTele   +   (boots unavailable)
Stlth    +++++++++.             t - amulet of guardian spirit
HPRegen  0.18/turn              m - ring of Orthodoxy {EV+4 Dex+3}
MPRegen  0.19/turn              (no ring)

@: confusing by touch, very quick
A: very small, no large weapons, unfitting armour, see invisible, speed 3,
talons 1, mutation resistance 1
a: Renounce Religion, Potion Petition, Call Merchant, Bribe Branch


You were in the Dungeon.
You worshipped Gozag.
Gozag was pleased with you.
You visited 1 branch You collected 2122 gold pieces.
You spent 1386 gold pieces at shops.

Inventory:

Hand Weapons
 a - a +2 dagger (weapon)
 b - a +0 long sword of holy wrath
 n - a +1 vampiric dagger
Missiles
 d - 7 curare-tipped darts (quivered)
 e - 4 poisoned darts
Armour
 c - a +0 cloak (worn)
 f - the +1 robe "Neole" {Int+6}
   (You bought it in a shop in the Dungeon)

   Int:       It affects your intelligence (+6).
 j - a +0 robe of willpower (worn)
Jewellery
 m - the ring of Orthodoxy (left hand) {EV+4 Dex+3}
   (You bought it in a shop in the Dungeon)

   [ring of evasion]

   EV:        It affects your evasion (+4).
   Dex:       It affects your dexterity (+3).
 t - an amulet of guardian spirit (around neck)
Wands
 s - a wand of polymorph (8)
Scrolls
 k - a scroll of blinking
 l - a scroll of holy word
 q - 2 scrolls of immolation
 u - a scroll of fear
Potions
 g - 2 potions of heal wounds
 h - a potion of haste
 i - 2 potions of magic
 o - 2 potions of flight
 p - a potion of resistance


   Skills:
 * Level 8.3 Fighting
 + Level 9.1 Short Blades
 + Level 8.2 Throwing
 * Level 12.2 Dodging
 * Level 23.3 Stealth
 * Level 10.5 Spellcasting
 + Level 6.8 Hexes


You had 25 spell levels left.
You knew the following spells:

 Your Spells              Type           Power      Damage    Failure   Level
a - Slow                  Hex            24%        N/A       1%          2
b - Confusing Touch       Hex            24%        N/A       1%          3

Your spell library contained the following spells:

 Spells                   Type           Power      Damage    Failure   Level
 Vampiric Draining        Necr           3%         2d6       32%         3


Dungeon Overview and Level Annotations

Branches:
Dungeon (1/1)

Altars:
Cheibriados
Dithmenos
Elyvilon
Fedhas
Gozag
Hepliaklqana
Kikubaaqudgha
Makhleb
Nemelex Xobeh
Okawaru
Qazlal
Ru
Sif Muna
Trog
Uskayaw
Vehumet
Wu Jian
Xom
Yredelemnul
Zin
The Shining One
Beogh
Jiyva
Lugonu

Shops:
D [=(*(!(*?:?


Innate Abilities, Weirdness & Mutations

You are very small and have problems with some larger weapons.
You are too small for most types of armour.
You have supernaturally acute eyesight. (SInv)
You cover ground extremely quickly. (Speed+++)
You have sharp toenails.
You are somewhat resistant to further mutation.


Message History

The spriggan defender hits you with a +0 dagger!!
The spriggan defender hits the plant with a +0 dagger!
The plant begins to die.
The spriggan defender completely misses you.
The spriggan defender misses you.
You barely miss the spriggan defender.
You claw the spriggan defender, but do no damage.
The spriggan defender hits the plant with a +0 dagger!!
Unknown command.
There is an open door here.
You barely miss the spriggan defender.
You claw the spriggan defender, but do no damage.
The spriggan defender completely misses you.
The spriggan defender hits the plant with a +0 dagger.
You completely miss the spriggan defender.
The spriggan defender hits the plant with a +0 dagger!
The spriggan defender completely misses you.
The spriggan defender hits the plant with a +0 dagger!!
You completely miss the spriggan defender.
The spriggan defender hits the plant with a +0 dagger!!
The spriggan defender completely misses you.
You closely miss the spriggan defender. Your kick misses the spriggan defender.
The spriggan defender hits the plant with a +0 dagger!!
The spriggan defender hits the plant with a +0 dagger.
The spriggan defender hits you with a +0 dagger!
You hit the spriggan defender but do no damage.
Your kick misses the spriggan defender.
The spriggan defender hits the plant with a +0 dagger!!
The spriggan defender hits the plant with a +0 dagger!
The spriggan defender hits you with a +0 dagger!!
* * * LOW HITPOINT WARNING * * *
You feel much better.
A nearby plant withers and dies.
The spriggan defender completely misses you.
You hit the spriggan defender but do no damage.
Your kick misses the spriggan defender. The spriggan defender misses you.
You hit the spriggan defender but do no damage.
Your kick misses the spriggan defender.
The spriggan defender hits you with a +0 dagger!!
You die...
Your body crumbles into a pile of gold.

+************#'#####,,,***≈≈***,,
,,,,,,,,,,,,*#.....+,,,+,*,**,*,*
≈≈,,,,,,,,≈≈*#.##########***,,+,*
≈≈≈,,,,,,≈≈≈*#.#$PP......,,+,,***
≈≈≈≈≈,,≈≈≈≈≈*#.#PP.....########,,
≈≈≈≈≈≈≈≈≈≈≈≈*#.#i....#*#.∩⌠⌠∩.#,,
≈≈≈≈≈≈≈≈≈≈≈≈*#.#ii.###8#.∩⌠⌠∩.#,*
≈≈≈≈≈≈≈≈≈≈≈≈*#.#i###.§§#.∩∩∩∩.#,,
≈≈≈≈≈≈≈≈≈≈≈≈*#.#@#§§§§§#.∩∩.∩.#,,
≈≈≈≈≈≈≈≈≈≈≈≈*#.#..§...§#......#,*
≈≈≈≈≈≈≈≈≈≈≈≈*#.#.......###''###,,
≈≈≈≈≈≈≈≈≈≈≈≈*#..§§.....#.⌠..⌠.#,,
≈≈≈≈≈≈≈≈≈≈≈≈*#########.#......#**
≈≈≈,,,,,,≈≈≈**,*,*,*,#.§......#,*
≈≈,,∩∩,∩,,≈≈**,,..............#+*
**************,,..............#,,
****************+##############^,


You could see 4 spriggan defenders.

Vanquished Creatures
  Sigmund (D)
  Erolcha (D)
  A deep elf pyromancer (D)
  Edmund (D)
  2 orc high priests (D)
  2 redbacks (D)
  A shadow (D)
  A spatial vortex (D)
  2 wandering mushrooms (D)
  A necrophage (D)
  5 two-headed ogres (D)
  A water elemental (D)
  2 orc priests (D)
  A jelly (D)
  Jessica (D)
  A wizard (D)
  A necromancer (D)
  A kobold demonologist (D)
  3 humans (D)
  A phantom (D)
  2 endoplasms (D)
  A rat (D)
33 creatures vanquished.

Vanquished Creatures (others)
  A ballistomycete spore (D)
  12 plants (D)
13 creatures vanquished.

Grand Total: 46 creatures vanquished

Notes
Turn   | Place    | Note
-------+----------+-------------------------------------------
     0 | D        | styxcanada the Spriggan Brigand began the quest for the
                  | Orb.
     0 | D        | Reached XP level 1. HP: 10/10 MP: 2/2
    10 | D        | Reached skill level 6 in Stealth
    27 | D        | Reached skill level 7 in Stealth
    36 | D        | Noticed Jessica
    54 | D        | Killed Jessica
    55 | D        | Reached skill level 9 in Stealth
    55 | D        | Reached XP level 2. HP: 12/15 MP: 3/3
    55 | D        | Reached XP level 3. HP: 14/18 MP: 4/4
   121 | D        | Reached skill level 10 in Stealth
   134 | D        | Gained mutation: You are weak. (Str -2) [potion of
                  | mutation]
   134 | D        | Gained mutation: You have large cloven feet. [potion of
                  | mutation]
   135 | D        | Lost mutation: You have large cloven feet. [potion of
                  | mutation]
   135 | D        | Lost mutation: You are weak. (Str -2) [potion of mutation]
   135 | D        | Gained mutation: You have an increased reservoir of magic.
                  | (+10% MP) [potion of mutation]
   135 | D        | Gained mutation: You evolve. [potion of mutation]
   136 | D        | Lost mutation: You evolve. [potion of mutation]
   136 | D        | Lost mutation: You have an increased reservoir of magic.
                  | (+10% MP) [potion of mutation]
   136 | D        | Gained mutation: Your spells are a little easier to cast,
                  | but a little less powerful. [potion of mutation]
   136 | D        | Gained mutation: You are strong-willed. (Will+) [potion of
                  | mutation]
   137 | D        | Lost mutation: You are strong-willed. (Will+) [potion of
                  | mutation]
   137 | D        | Lost mutation: Your spells are a little easier to cast, but
                  | a little less powerful. [potion of mutation]
   137 | D        | Gained mutation: You are somewhat resistant to further
                  | mutation. [potion of mutation]
   137 | D        | Gained mutation: You have sharp toenails. [potion of
                  | mutation]
   143 | D        | Noticed a water elemental
   146 | D        | Killed a water elemental
   147 | D        | Reached skill level 12 in Stealth
   147 | D        | Reached XP level 4. HP: 23/23 MP: 5/5
   156 | D        | Noticed a shadow
   166 | D        | Killed a shadow
   167 | D        | Reached skill level 5 in Dodging
   167 | D        | Reached skill level 15 in Stealth
   167 | D        | Reached XP level 5. HP: 29/29 MP: 6/6
   169 | D        | Reached XP level 6. HP: 33/33 MP: 7/7
   250 | D        | Found a blossoming altar of Fedhas.
   250 | D        | Found a stormy altar of Qazlal.
   250 | D        | Found a snail-covered altar of Cheibriados.
   250 | D        | Found a burning altar of Makhleb.
   250 | D        | Found a shimmering altar of Xom.
   251 | D        | Found a hazy altar of Hepliaklqana.
   251 | D        | Found an opulent altar of Gozag.
   251 | D        | Found a sparkling altar of Nemelex Xobeh.
   251 | D        | Found a corrupted altar of Lugonu.
   251 | D        | Found a viscous altar of Jiyva.
   251 | D        | Noticed a spatial vortex
   255 | D        | Became a worshipper of Gozag Ym Sagoz the Greedy
   496 | D        | Found a basalt altar of Yredelemnul.
   496 | D        | Found a shadowy altar of Dithmenos.
   496 | D        | Found a sacrificial altar of Ru.
   499 | D        | Reached skill level 16 in Stealth
   514 | D        | Reached skill level 17 in Stealth
   590 | D        | Found a radiant altar of Vehumet.
   590 | D        | Found a shimmering blue altar of Sif Muna.
   590 | D        | Found an ancient bone altar of Kikubaaqudgha.
   602 | D        | Learned a level 2 spell: Slow
   606 | D        | Learned a level 3 spell: Confusing Touch
   634 | D        | Found a glowing silver altar of Zin.
   634 | D        | Found a glowing golden altar of the Shining One.
   634 | D        | Found a white marble altar of Elyvilon.
   635 | D        | Noticed a deep elf pyromancer
   637 | D        | Killed a deep elf pyromancer
   638 | D        | Reached skill level 5 in Fighting
   638 | D        | Reached skill level 19 in Stealth
   638 | D        | Reached XP level 7. HP: 39/39 MP: 8/13
   678 | D        | Found a hide-covered altar of Uskayaw.
   678 | D        | Found an iron altar of Okawaru.
   678 | D        | Found a bloodstained altar of Trog.
   678 | D        | Found an ornate altar of the Wu Jian Council.
   678 | D        | Noticed a human
   678 | D        | Noticed a human
   728 | D        | Killed a human
   729 | D        | Reached skill level 5 in Short Blades
   729 | D        | Reached XP level 8. HP: 36/43 MP: 13/15
   821 | D        | Reached skill level 20 in Stealth
   983 | D        | Reached skill level 5 in Throwing
  1279 | D        | Reached skill level 1 in Hexes
  1339 | D        | Reached skill level 5 in Spellcasting
  1582 | D        | Noticed a two-headed ogre
  1585 | D        | Killed a two-headed ogre
  1591 | D        | Noticed a two-headed ogre
  1591 | D        | Noticed Erolcha
  1593 | D        | Killed Erolcha
  1594 | D        | Reached skill level 21 in Stealth
  1594 | D        | Reached XP level 9. HP: 49/49 MP: 16/20
  1594 | D        | Killed a two-headed ogre
  1595 | D        | Reached skill level 10 in Dodging
  1743 | D        | Noticed a wandering mushroom
  1877 | D        | Noticed a wandering mushroom
  1926 | D        | Reached skill level 5 in Hexes
  1928 | D        | Noticed a wandering mushroom
  2724 | D        | Noticed Sigmund
  2724 | D        | Noticed Edmund
  2738 | D        | Killed Sigmund
  2739 | D        | Reached skill level 23 in Stealth
  2739 | D        | Reached skill level 10 in Spellcasting
  2739 | D        | Reached XP level 10. HP: 40/56 MP: 19/25
  2964 | D        | Killed Edmund
  3126 | D        | Noticed a sun demon
  3126 | D        | Noticed a rust devil
  3208 | D        | Noticed a soul eater
  3272 | D        | Noticed an orange crystal statue
  3275 | D        | Found Qyass's Distillery.
  3275 | D        | Found Rotinlun's Magic Scroll Shoppe.
  3275 | D        | Found Moebenal's Antique Weapon Boutique.
  3275 | D        | Found Saurauss's Antique Weapon Emporium.
  3275 | D        | Found Yrinokoo's Book Shop.
  3275 | D        | Found Toemeuw's Magic Scroll Emporium.
  3275 | D        | Found Biwufywn's Assorted Antiques.
  3276 | D        | Found Etwukemui's General Store.
  3276 | D        | Found Miriv's Weapon Shoppe.
  3276 | D        | Found Doavosy's Jewellery Shop.
  3276 | D        | Found Xenuom's Antique Armour Emporium.
  3289 | D        | Bought a shadowed robe for 136 gold pieces
  3289 | D        | Identified the +1 robe "Neole" {Int+6} (You bought it in a
                  | shop in the Dungeon)
  3290 | D        | Bought the ring of Orthodoxy {EV+4 Dex+3} for 640 gold
                  | pieces
  3293 | D        | Bought a scroll of magic mapping for 35 gold pieces
  3295 | D        | Bought 2 potions of heal wounds for 110 gold pieces
  3297 | D        | Bought a glowing dagger for 150 gold pieces
  3299 | D        | Bought a scroll of identify for 20 gold pieces
  3299 | D        | Bought a scroll of identify for 20 gold pieces
  3299 | D        | Bought a scroll of identify for 20 gold pieces
  3300 | D        | Bought a forked bronze wand for 84 gold pieces
  3300 | D        | Bought a blackened cabochon amulet for 105 gold pieces
  3300 | D        | Bought a scroll labelled WYXTOA RIGEMI for 21 gold pieces
  3314 | D        | Bought a scroll of immolation for 45 gold pieces
  3445 | D        | HP: 1/56 [spriggan defender (20)]
  3448 | D        | Slain by a spriggan defender

Illustrated notes

Levels and vault maps discovered:
D:        dungeon_sprint_mu [sprint_mu_entry_cave, sprint_mu_temple_rooms,
          sprint_mu_d1_spiders, sprint_mu_d2_genie, sprint_mu_d3_branching,
          sprint_mu_orc_legion, sprint_mu_elf_gauntlet, sprint_mu_hive_nellie,
          sprint_mu_lair_fedhas, sprint_mu_vaults_butterflies,
          sprint_mu_slime_circle, sprint_mu_shoals_kraken,
          sprint_mu_snake_twists, sprint_mu_blade_basic,
          sprint_mu_crypt_chambers, sprint_mu_tomb_spiral,
          sprint_mu_vestibule_basic, sprint_mu_gehenna_hellfire,
          sprint_mu_dis_giant, sprint_mu_tartarus_statrot,
          sprint_mu_cocytus_islands, sprint_mu_zot1]

Skill      XL: |  1  2  3  4  5  6  7  8  9 10 |
---------------+-------------------------------+-----
Stealth        | 9 12 15 19 21 23 | 23.3
Fighting       | 2 3 5 6 8 |  8.3
Dodging        | 2 4 5 7 8 9 12 | 12.2
Short Blades   | 3 4 5 6 8 9 |  9.1
Throwing       | 3 4 6 8 |  8.2
Spellcasting   | 3 4 7 10 | 10.5
Hexes          | 4 6 |  6.8

Action                   |  1- 3 |  4- 6 |  7- 9 | 10-12 || total
-------------------------+-------+-------+-------+-------++-------
Melee: Dagger            |     7 |    26 |   175 |    38 ||   246
       Kick              |       |     7 |    86 |    15 ||   108
Throw: Dart              |     7 |     1 |    29 |     9 ||    46
 Cast: Slow              |       |       |     7 |     1 ||     8
       Confusing Touch   |       |       |     2 |     6 ||     8
  Use: Potion            |     4 |     1 |     1 |     3 ||     9
       Scroll            |       |       |     3 |     4 ||     7
 Stab: Sleeping          |     5 |     4 |     5 |       ||    14
       Confused          |       |       |     2 |     4 ||     6
Armor: Robe              |     1 |       |     4 |       ||     5
Dodge: Dodged            |       |    14 |    85 |    27 ||   126
